Map: Para Site LE

Players

SpeCial

  • Race: Terran Terran
  • Spawn Location: 11:00

Stats - Winner!

  • Race: Protoss Protoss
  • Spawn Location: 5:00

Event: 2018 WCS Global Finals

VOD

Have the link to the VOD?

Description

Time

  • Played on: Nov. 2, 2018, 4:52 p.m.
  • Length: 9:56

All games in this series

Show
View Real Time Build Order
Export as new Build Order

SpeCial Terran 

Build Orders: 1/1/1, Cyclone Opening 

Get SALT Encoding   

  12  0:01  SCV  
  13  0:13  SCV  
  14  0:17  Supply Depot  
  14  0:25  SCV  
  15  0:39  SCV  
  15  0:40  Barracks  
  16  0:52  SCV  
  16  0:53  Refinery  
  16  0:56  Refinery  
  17  1:05  SCV  
  18  1:17  SCV  
  19  1:27  Marine  
  19  1:29  Orbital Command  
  20  1:37  Factory  
  20  1:43  Supply Depot  
  20  1:47  Reaper  
  21  1:55  SCV  
  22  2:07  SCV  
  23  2:19  Supply Depot, SCV  
  23  2:21  Cyclone  
  27  2:29  Starport  
  27  2:32  SCV  
  27  2:33  Barracks Reactor  
  28  2:40  Supply Depot  
  28  2:47  SCV  
  29  2:53  Cyclone  
  32  2:59  SCV  
  33  3:07  Viking  
  35  3:21  SCV  
  36  3:33  SCV  
  33  3:45  Marine, Cyclone, SCV  
  41  3:48  Cyclone  
  41  3:57  SCV  
  41  4:04  Supply Depot  
  41  4:09  SCV  
  42  4:12  Viking  
  43  4:31  Cyclone  
  46  4:34  Command Center  
  46  4:36  Widow Mine  
  48  4:40  SCV  
  49  4:47  Marine  
  49  4:51  Viking  
  49  4:52  Supply Depot  
  52  5:06  Widow Mine  
  54  5:12  SCV  
  54  5:13  Cyclone  
  58  5:15  Supply Depot  
  58  5:24  SCV  
  59  5:31  Cyclone  
  59  5:36  SCV  
  54  5:43  Marine  
  54  5:45  Cyclone  
  54  5:48  SCV  
  49  6:00  SCV  
  49  6:02  Marine  
  48  6:05  Cyclone  
  51  6:18  Orbital Command  
  51  6:21  Marine  
  52  6:32  Cyclone  
  55  6:37  Widow Mine  
  55  6:39  Marine  
  58  6:40  SCV  
  58  6:45  SCV  
  60  6:52  SCV  
  61  6:56  Marine  
  61  6:57  SCV  
  61  7:01  Viking  
  65  7:04  SCV  
  64  7:09  SCV  
  64  7:11  Cyclone  
  64  7:14  Marine  
  68  7:16  SCV  
  68  7:21  SCV  
  69  7:28  SCV  
  70  7:32  Marine, Cyclone  
  70  7:33  SCV  
  69  7:40  SCV  
  64  7:45  SCV  
  55  7:52  SCV  
  55  7:56  Bunker  
  55  7:58  SCV  
  51  7:59  Cyclone  
  51  8:04  SCV  
  50  8:07  Barracks  
  50  8:09  Barracks  
  50  8:10  SCV  
  50  8:12  Widow Mine  
  53  8:17  SCV  
  53  8:18  Supply Depot  
  54  8:22  SCV  
  54  8:24  Engineering Bay  
  55  8:29  SCV  
  55  8:31  Barracks  
  53  8:34  Barracks, SCV  
  53  8:38  Cyclone  
  55  8:44  SCV  
  55  8:46  SCV  
  54  8:56  SCV  
  54  8:57  Refinery  
  54  8:58  Refinery  
  54  8:59  SCV  
  54  9:00  Barracks Tech Lab  
  54  9:02  Barracks Reactor, Barracks Tech Lab  
  56  9:06  Supply Depot  
  56  9:08  SCV  
  57  9:10  Missile Turret  
  57  9:15  SCV  
  58  9:19  Marine  
  58  9:20  SCV  
  58  9:23  Barracks Tech Lab  
  60  9:25  Command Center  
  60  9:28  Marine  
  62  9:31  SCV  
  62  9:33  Marine  
Show
View Real Time Build Order
Export as new Build Order

Stats Protoss - Winner!

Build Orders: Oracle Opening 

Get SALT Encoding   

  12  0:00  Probe  
  13  0:12  Probe  
  14  0:17  Pylon  
  14  0:24  Probe  
  15  0:32  Probe  
  15  0:37  Gateway  
  15  0:40  Probe  
  16  0:46  Assimilator  
  17  0:51  Probe  
  18  1:03  Probe  
  19  1:04  Assimilator  
  19  1:07  Pylon  
  19  1:15  Probe  
  20  1:25  Cybernetics Core  
  20  1:27  Probe  
  20  1:29  Zealot  
  23  1:39  Probe  
  24  1:46  Pylon  
  24  1:51  Probe  
  24  1:53  Adept  
  25  2:03  Probe  
  25  2:05  Stargate  
  28  2:10  Warp Gate  
  28  2:19  Stalker  
  28  2:20  Probe  
  31  2:41  Oracle  
  31  2:49  Stalker  
  36  3:06  Gateway  
  36  3:07  Gateway  
  36  3:09  Oracle  
  39  3:39  Nexus  
  39  3:45  Pylon  
  39  4:03  Probe  
  40  4:11  Phoenix  
  40  4:15  Probe  
  43  4:17  Stalker x2  
  47  4:28  Shield Battery  
  47  4:38  Pylon  
  47  4:51  Probe  
  47  4:52  Stalker  
  50  4:53  Stalker x2  
  50  4:58  Probe  
  51  5:00  Probe  
  51  5:07  Probe  
  53  5:09  Probe  
  55  5:17  Probe  
  55  5:18  Probe  
  57  5:30  Stalker x2  
  57  5:31  Pylon  
  59  5:53  Probe x2  
  59  6:01  Stalker x3  
  59  6:07  Probe x2  
  61  6:11  Robotics Facility  
  61  6:12  Twilight Council  
  61  6:15  Assimilator  
  61  6:17  Nexus  
  61  6:20  Probe x2  
  60  6:33  Stalker x2  
  60  6:34  Stalker  
  60  6:35  Probe x2  
  60  6:39  Pylon  
  68  6:42  Blink  
  68  6:47  Shield Battery  
  68  6:50  Probe x2  
  68  6:58  Immortal  
  72  7:02  Probe  
  72  7:03  Probe  
  74  7:13  Stalker x2  
  78  7:17  Pylon  
  78  7:19  Pylon  
  62  7:46  Stalker x3  
  62  7:50  Probe x2, Immortal  
  58  7:58  Probe  
  58  8:02  Probe  
  60  8:09  Probe  
  60  8:10  Probe  
  62  8:13  Gateway x2  
  62  8:14  Probe  
  63  8:27  Observer  
  58  8:42  Stalker  
  58  8:43  Stalker x2  
  58  8:45  Warp Prism  
  64  8:49  Probe x2  
  64  8:54  Probe  
  69  8:57  Forge  
  69  9:01  Gateway x2, Forge  
  69  9:05  Gateway  
  69  9:15  Probe x3  
  72  9:19  Stalker x2  
  72  9:20  Sentry x2  
  80  9:26  Observer  
  79  9:52  Stalker x3  
  85  9:53  Zealot x2  
Tags
 
Add a new tag
Caveats
  • Supply blocks, unpowered buildings, or Contaminate may cause inaccurate times.
  • Supply counts are checked every 10 seconds.